Unix NetHack Version 5.0.0-0 post-release - last build May  4 2026 22:22:43 (774f63e81ad911689b3a0859ea89b322d5daca8d,branch:main).

Game began 2026-05-08 17:22:39, ended 2026-05-08 17:35:45.

BSL2425737, lawful female human Valkyrie

                                                                         ...
                                                                        G.<.
                                                                        d@..
                                                                        ....

BSL2425737 the Stripling    St:15 Dx:13 Co:16 In:7 Wi:13 Ch:10  Lawful
Dlvl:3  $:20 HP:0(20) Pw:5(5) AC:6  Xp:2 T:1029 

Latest messages:
 Your little dog eats a goblin corpse.
 You swap places with your little dog.
 The fox bites!
 You miss the fox.
 The fox misses!
 You miss the fox.
 The fox misses!
 You kill the fox!
 Welcome to experience level 2.
 You see here a fox corpse.
 There is a fox corpse here; eat it? [ynq] (n) y
 Blecch!  Rotten food!
 You feel rather light headed.
 You finish eating the fox corpse.
 You feel less confused now.
 You miss the lichen.
 You miss the lichen.
 You kill the lichen!
 You stop.  Your little dog is in the way!
 You try to move the boulder, but in vain.
 You hear some noises.
 You hear some noises in the distance.
 You swap places with your little dog.
 The little dog picks up an orcish helm.
 You descend the stairs.
 A bear trap closes on your foot!
 The gnome hits!
 You kill the gnome!
 You miss the gnome.
 The little dog misses the gnome.
 The gnome hits!
 You miss the gnome.
 The little dog bites the gnome.
 The gnome is killed!
 You are caught in a bear trap.
 You hear crashing rock.
 You are caught in a bear trap.
 You are caught in a bear trap.
 You hear some noises.
 You are caught in a bear trap.
 You are caught in a bear trap.
 The gnome hits!
 You are caught in a bear trap.
 The gnome hits!
 You die...
 Do you want your possessions identified? [ynq] (y) n
 Do you want to see your attributes? [ynq] (y) n
 Do you want an account of creatures vanquished? [ynaq] (y) n
 Do you want to see your conduct and achievements? [ynq] (y) n
 Do you want to see the dungeon overview? [ynq] (y) n

Inventory:
 Coins    ('$')
  $ - 20 gold pieces
 Weapons  (')')
  b - a +0 dagger (alternate weapon; not wielded)
  a - a +1 spear (weapon in right hand)
 Armor    ('[')
  c - an uncursed +3 small shield (being worn)
 Comestibles  ('%')
  d - 2 uncursed food rations
 Potions  ('!')
  f - an uncursed potion of booze
  h - an uncursed potion of confusion
  l - a cursed potion of extra healing
  g - 2 uncursed potions of healing
  k - an uncursed potion of water
 Tools    ('(')
  e - an uncursed oil lamp
  j - an uncursed skeleton key

BSL2425737 the Valkyrie's attributes:

Background:
 You were a Stripling, a level 2 human Valkyrie.
 You were lawful, nominally on a mission for Tyr
 who was opposed by Odin (neutral) and Loki (chaotic).
 You were right-handed.
 You were in the Gnomish Mines, on level 3.
 You entered the dungeon 1029 turns ago.
 You had 32 experience points, 8 more were needed to attain level 3.

Basics:
 You had 0 out of 20 hit points.
 You had all 5 energy points (spell power).
 Your armor class was 6.
 Your wallet contained 20 zorkmids.
 Autopickup was off.

Final Characteristics:
 Your strength was 15 (limit:18/100).
 Your dexterity was 13 (base:14, limit:18).
 Your constitution was 16 (limit:18).
 Your intelligence was 7 (limit:18).
 Your wisdom was 13 (limit:18).
 Your charisma was 10 (limit:18).

Final Status:
 You were trapped in a bear trap.
 You had a wounded left leg.
 You weren't hungry.
 You were unencumbered.
 You were wielding a spear.
 You had basic skill with spear.

Final Attributes:
 You were devoutly aligned.
 You were cold resistant.
 You are dead.

Miscellaneous:
 You didn't encounter any bones levels.
 Total elapsed playing time was 13 minutes.

Major events:
 Turn
    1: BSL2425737 the lawful human Valkyrie entered the dungeon
 1018: entered the Gnomish Mines
 1029: killed by a gnome

You didn't know any spells.

Skills:
 Fighting Skills
   bare handed combat [Unskilled]
   two weapon combat  [Unskilled]
   riding             [Unskilled]
 Weapon Skills
   dagger             [Basic]
   axe                [Unskilled]
   pick-axe           [Unskilled]
   short sword        [Unskilled]
   broadsword         [Unskilled]
   long sword         [Unskilled]
   two-handed sword   [Unskilled]
   saber              [Unskilled]
   hammer             [Unskilled]
   quarterstaff       [Unskilled]
   polearms           [Unskilled]
   spear              [Basic]
   trident            [Unskilled]
   lance              [Unskilled]
   sling              [Unskilled]
 Spellcasting Skills
   attack spells      [Unskilled]
   escape spells      [Unskilled]

Voluntary challenges:
 Character rerolling was not enabled.
 You were an atheist.
 You were illiterate.
 You never genocided any monsters.
 You never polymorphed an object.
 You never changed form.
 You used no wishes.
Achievements:
 You entered a shop.
 You entered the Gnomish Mines.

 The Dungeons of Doom: levels 1 to 2
    Level 1:
       A sink.
    Level 2:
       An armor shop, an altar to Tyr, a fountain.
       Stairs down to The Gnomish Mines.
 The Gnomish Mines:
    Level 3: <- You were here.
       Final resting place for
          you, killed by a gnome.


Vanquished creatures:
  2 gnomes
  3 jackals
  2 foxes
  a kobold
  a goblin
  2 sewer rats
  2 grid bugs
  a lichen
  2 newts
16 creatures vanquished.

No species were genocided or became extinct.

Game over:
                       ----------
                      /          \
                     /    REST    \
                    /      IN      \
                   /     PEACE      \
                  /                  \
                  |    BSL2425737    |
                  |      20 Au       |
                  |   killed by a    |
                  |      gnome       |
                  |                  |
                  |                  |
                  |       2026       |
                 *|     *  *  *      | *
        _________)/\\_//(\/(/\)/\//\/|_)_______

Farvel BSL2425737 the Valkyrie...

You died in The Gnomish Mines on dungeon level 3 with 246 points,
and 20 pieces of gold, after 1029 moves.
You were level 2 with a maximum of 20 hit points when you died.

